AoeStats
← D哥

Pilgrims

510069702Analyzed
4v4 RM · 3d ago on Sep 29, 2026· 39m 18s· 8 players
Game mode
Random Map
Map size
Large (8 player)
Population
200
Speed
Normal
Resources
Standard
Victory
Conquest
Starting age
Dark Age
Ending age
Imperial Age
RankedLock teamsTeams togetherTeam positionsShared explorationLock speedFull tech treeHidden civsTurbo modeCheats
Victory
Defeat
🇨🇳 Huns · China
1490
+13
🇨🇳 Varangians · China
1443
+15
🇹🇼 Mongols · Taiwan
1393
+17
1377
+17
🇦🇷 Dravidians · Argentina
1441
-18
🇦🇷 Britons · Argentina
1414
-15
🇨🇳 Goths · China
1399
-15
🇦🇹 Wu · Austria
1390
-14
PocaChota
7:02 Loom
9:40 Feudal Age
10:06 Double-Bit Axe
12:50 Fletching
13:01 Fishing Lines
18:44 Castle Age
17:37 Gold Mining
19:53 Medium Warships
19:34 Gillnets
19:55 Bow Saw
23:04 Clinker Construction
23:04 Careening
24:45 Careening
25:43 Treadmill Crane
27:18 Wheelbarrow
36:13 Bodkin Arrow
37:00 Padded Archer Armor
39:34 Wheelbarrow
38:46 Pikeman
39:27 Squires
39:13 Arson
39:15 Gambesons
Killerqueen
7:41 Loom
10:09 Feudal Age
11:06 Double-Bit Axe
11:33 Fishing Lines
15:34 Castle Age
14:17 Scale Mail Armor
15:30 Forging
15:43 Arson
20:25 Horse Collar
21:06 Squires
23:58 Gillnets
24:51 Wheelbarrow
26:11 Stone Mining
27:38 Fletching
28:20 Hand Cart
28:40 Bodkin Arrow
29:06 Heavy Plow
31:01 Ballistics
35:08 Imperial Age
32:44 Gold Mining
33:33 Stone Shaft Mining
33:07 Padded Archer Armor
34:05 Gold Shaft Mining
33:58 Treadmill Crane
34:28 Masonry
34:45 Leather Archer Armor
35:43 Red Cliffs Tactics
35:25 Elite Fire Archer
36:32 Bracer
37:50 Conscription
38:47 Chemistry
38:02 Pikeman
39:07 Chain Mail Armor
39:28 Iron Casting
38:42 Halberdier
40:19 Plate Mail Armor
阳光
8:09 Loom
10:12 Feudal Age
10:52 Double-Bit Axe
14:25 Fishing Lines
19:56 Castle Age
23:18 Fletching
26:40 Medium Warships
27:49 Bodkin Arrow
31:45 Gillnets
elchinaleikazo
3:49 Loom
11:06 Feudal Age
11:48 Town Watch
23:51 Castle Age
23:49 Fletching
24:00 Padded Archer Armor
24:41 Thumb Ring
26:50 Bodkin Arrow
28:30 Leather Archer Armor
30:36 Ballistics
33:29 Elite Skirmisher
35:55 Wheelbarrow
40:30 Imperial Age
38:29 Murder Holes
轟炸雞肉乾媽媽
11:32 Feudal Age
16:05 Castle Age
16:29 Double-Bit Axe
16:37 Fletching
24:11 Loom
24:48 Gold Mining
27:54 Ballistics
27:36 Padded Archer Armor
29:00 Bodkin Arrow
37:23 Gold Shaft Mining
38:35 Wheelbarrow
40:07 Bow Saw
D哥
10:04 Loom
12:08 Feudal Age
13:25 Double-Bit Axe
13:33 Gold Mining
16:01 Castle Age
14:33 Scale Barding Armor
15:19 Forging
16:00 Bloodlines
17:51 Bow Saw
21:22 Horse Collar
27:52 Wheelbarrow
28:49 Heavy Plow
30:34 Gold Shaft Mining
33:28 Imperial Age
32:01 Iron Casting
32:27 Hand Cart
32:37 Chain Barding Armor
32:20 Town Watch
33:05 Marauders
33:19 Stone Mining
34:00 Husbandry
33:33 Elite Tarkan
34:37 Conscription
33:41 Elite Tarkan
35:33 Plate Barding Armor
37:50 Two-Man Saw
38:48 Blast Furnace
38:19 Guilds
39:53 Coinage
水母系呆萌美少女可可
5:26 Loom
11:55 Feudal Age
16:38 Castle Age
16:11 Gold Mining
17:04 Fishing Lines
17:41 Medium Warships
17:34 Stone Mining
17:31 Double-Bit Axe
18:49 Bow Saw
21:26 Wheelbarrow
25:01 Imperial Age
22:29 Fletching
22:45 Padded Archer Armor
23:21 Bodkin Arrow
24:16 Stone Shaft Mining
27:04 Chemistry
36:15 Horse Collar
喜足天
4:31 Loom
12:54 Feudal Age
16:44 Castle Age
Connection lost

Rejoining the realm…

Still unreachable

The connection could not be restored.

Session expired

The server has moved on; the page needs a fresh start.